 Dungeon Crawl Stone Soup version 0.31-a0-986-g5e6e4ef867 (webtiles) character file.

Game seed: 3296787271118682719

529472 mandarbmax the Hawkeye (level 25, -3/292 HPs)
             Began as an Ogre Fighter on Nov 14, 2023.
             Was the Champion of Okawaru.
             Slain by a white draconian
             ... wielding a +0 hand axe
              (8 damage)
             ... on level 1 of the Realm of Zot on Nov 15, 2023.
             The game lasted 03:31:25 (56507 turns).

mandarbmax the Hawkeye (Ogre Fighter)              Turns: 56507, Time: 03:31:26

Health: -3/292     AC: 42    Str: 40    XL:     25   Next: 58%
Magic:  29/30      EV:  5    Int:  9    God:    Okawaru [******]
Gold:   4543       SH: 28    Dex:  8    Spells: 24/24 levels left

rFire   + + .        a - +5 war axe (flame)
rCold   + + +        J - +2 tower shield
rNeg    . . .        g - +10 gold dragon scales
rPois   +            v - +2 hat {Will+}
rElec   .            X - +0 cloak of Jikhloh {Will++}
rCorr   +            (gloves unavailable)
SInv    .            (boots unavailable)
Will    +++++        Q - amulet of reflection Stlth
                     e - ring of Kallozxi {rCorr Str+5 Slay+5}
HPRegen 0.68/turn    S - ring of the Gloaming {Drain rF+ rC++ Will+ AC+4}
MPRegen 0.22/turn

%: reflection
@: about to teleport, heroic, constricted, studying Evocations
A: large, unfitting armour, tough skin 1
}: 3/15 runes: barnacled, silver, gossamer
a: Renounce Religion, Heroism, Finesse, Duel


You were on level 1 of the Realm of Zot.
You worshipped Okawaru.
Okawaru was exalted by your worship.
You visited 10 branches of the dungeon, and saw 44 of its levels.
You visited 1 bazaar.
You also visited: Sewer, Bailey, Gauntlet and Desolation.

You collected 8124 gold pieces.
You spent 3581 gold pieces at shops.

Inventory:

Hand Weapons
 a - a +5 war axe of flaming (weapon)
 r - the +16 obsidian axe {drain, demonic, Mesm Drain Fly SInv}
   (Okawaru gifted it to you in a Gauntlet)

   Mesm:      Its wielder is mesmerised by any visible foes, and it cannot be
   unequipped while any foes are visible.
   SInv:      It lets you see invisible.
   Fly:       It grants you flight.
   Drain:     It drains your maximum health when unequipped.
Missiles
 h - 11 darts of dispersal
 j - 47 large rocks (quivered)
 m - 6 curare-tipped darts
 n - 30 poisoned darts
 y - 7 throwing nets
 C - 26 atropa-tipped darts
 I - 5 datura-tipped darts
 M - a boomerang
 R - 38 silver javelins
 U - 6 javelins
Armour
 g - +10 gold dragon scales (worn)
 v - a +2 hat of willpower (worn)
 J - a +2 tower shield (worn)
 X - the +0 cloak of Jikhloh (worn) {Will++}
   (Okawaru gifted it to you in a Gauntlet)

   Will++:    It greatly increases your willpower.
Jewellery
 e - the ring of Kallozxi (left hand) {rCorr Str+5 Slay+5}
   (You took it off a deep elf master archer on level 3 of the Elven Halls)

   [ring of resist corrosion]

   Str+5:     It affects your strength (+5).
   Slay+5:    It affects your accuracy & damage with ranged weapons and melee
   (+5).
   rCorr:     It protects you from acid and corrosion.
 x - the ring "Suateuz" {rC+ Str+3 Dex+4 SInv}
   (You bought it in a shop on level 2 of the Orcish Mines)

   [ring of see invisible]

   Str+3:     It affects your strength (+3).
   Dex+4:     It affects your dexterity (+4).
   rC+:       It protects you from cold.
   SInv:      It lets you see invisible.
 Q - an amulet of reflection (around neck)
 S - the ring of the Gloaming (right hand) {Drain rF+ rC++ Will+ AC+4}
   (You found it in the Desolation of Salt)

   [ring of protection]

   AC+4:      It affects your AC (+4).
   rF+:       It protects you from fire.
   rC++:      It greatly protects you from cold.
   Will+:     It increases your willpower.
   Drain:     It drains your maximum health when unequipped.
 W - a ring of positive energy
Wands
 b - a wand of mindburst (29)
 l - a wand of digging (5)
 t - a wand of paralysis (48)
 w - a wand of roots (42)
 L - a wand of quicksilver (21)
 N - a wand of polymorph (26)
Scrolls
 d - 4 scrolls of poison
 f - 7 scrolls of fear
 i - 11 scrolls of teleportation
 k - 3 scrolls of blinking
 A - 6 scrolls of fog
 B - 4 scrolls of immolation
 D - 2 scrolls of summoning
 H - 2 scrolls of torment
 T - 9 scrolls of vulnerability
 Y - 9 scrolls of revelation
Potions
 c - 2 potions of attraction
 o - 12 potions of mutation
 p - 8 potions of cancellation
 q - 2 potions of invisibility
 u - 10 potions of ambrosia
 z - 3 potions of berserk rage
 E - 9 potions of curing
 F - 5 potions of enlightenment
 G - 9 potions of resistance
 O - 12 potions of heal wounds
 P - 14 potions of haste
 Z - 12 potions of might
Miscellaneous
 s - a tin of tremorstones (2/2)
 V - a lightning rod (4/4)


   Skills:
 + Level 24.7(27) Fighting
 - Level 9.0(14.0) Axes
 * Level 26.2(27) Throwing
 + Level 15.3(20.3) Armour
 - Level 5.0(10.0) Dodging
 - Level 12.0(17.0) Stealth
 + Level 18.0(23.0) Shields
 + Level 10.0 Invocations
 * Level 8.2 Evocations
 - Level 7.0 Shapeshifting


You had 24 spell levels left.
You didn't know any spells.
Your spell library contained the following spells:

 Spells                   Type           Power      Damage    Failure   Level
 Foxfire                  Conj/Fire      0%         2x1d4     95%         1
 Freeze                   Ice            0%         1d3       95%         1
 Kiss of Death            Conj/Necr      0%         2d5       95%         1
 Magic Dart               Conj           0%         1d3       95%         1
 Sandblast                Erth           0%         2d4       95%         1
 Shock                    Conj/Air       0%         1d3       95%         1
 Slow                     Hex            0%         N/A       95%         1
 Ensorcelled Hibernation  Hex/Ice        0%         N/A       99%         2
 Jinxbite                 Hex            0%         N/A       99%         2
 Momentum Strike          Conj/Tloc      0%         3d8       99%         2
 Passwall                 Tmut/Erth      0%         N/A       99%         2
 Poisonous Vapours        Pois/Air       0%         N/A       99%         2
 Scorch                   Fire           0%         2d5       99%         2
 Wereblood                Tmut           0%         N/A       99%         2
 Confusing Touch          Hex            0%         N/A       100%        3
 Dazzling Flash           Conj/Hex       0%         N/A       100%        3
 Frozen Ramparts          Ice            0%         1d1       100%        3
 Gell's Gravitas          Tloc           0%         N/A       100%        3
 Hailstorm                Conj/Ice       0%         3d3       100%        3
 Ignite Poison            Fire/Tmut/Pois 0%         N/A       100%        3
 Mephitic Cloud           Conj/Pois/Air  0%         N/A       100%        3
 Ozocubu's Armour         Ice            0%         N/A       100%        3
 Sigil of Binding         Hex            0%         N/A       100%        3
 Stone Arrow              Conj/Erth      0%         3d7       100%        3
 Swiftness                Air            0%         N/A       100%        3
 Vampiric Draining        Necr           0%         2d6       100%        3
 Volatile Blastmotes      Fire/Tloc      0%         2d10      100%        3
 Airstrike                Air            0%         2d(0-16)  100%        4
 Anguish                  Hex/Necr       0%         N/A       100%        4
 Brom's Barrelling Bould  Conj/Erth      0%         2d3       100%        4
 Cause Fear               Hex            0%         N/A       100%        4
 Dimensional Bullseye     Hex/Tloc       0%         N/A       100%        4
 Dispel Undead            Necr           0%         3d6       100%        4
 Iskenderun's Mystic Bla  Conj/Tloc      0%         2d3       100%        4
 Leda's Liquefaction      Hex/Erth       0%         N/A       100%        4
 Passage of Golubria      Tloc           0%         N/A       100%        4
 Sticky Flame             Conj/Fire      0%         2d3       100%        4
 Vhi's Electric Charge    Tloc/Air       0%         N/A       100%        4
 Alistair's Intoxication  Tmut/Pois      0%         N/A       100%        5
 Arcjolt                  Conj/Air       0%         1d10      100%        5
 Borgnjor's Vile Clutch   Necr/Erth      0%         N/A       100%        5
 Fireball                 Conj/Fire      0%         3d3       100%        5
 Freezing Cloud           Conj/Ice/Air   0%         6-21      100%        5
 Irradiate                Conj/Tmut      0%         3d11      100%        5
 Iskenderun's Battlesphe  Conj           0%         2d6       100%        5
 Lee's Rapid Deconstruct  Erth           0%         3d4*      100%        5
 Silence                  Hex/Air        0%         N/A       100%        5
 Yara's Violent Unravell  Hex/Tmut       0%         3d3       100%        5
 Bombard                  Conj/Erth      0%         9d1       100%        6
 Conjure Ball Lightning   Conj/Air       0%         3x3d6     100%        6
 Dispersal                Tloc           0%         N/A       100%        6
 Eringya's Noxious Bog    Tmut/Pois      0%         4d6       100%        6
 Plasma Beam              Fire/Air       0%         2x1d10    100%        6
 Starburst                Conj/Fire      0%         6d3       100%        6
 Orb of Destruction       Conj           0%         9d5       100%        7
 Ozocubu's Refrigeration  Ice            0%         4d7       100%        7
 Discord                  Hex            0%         N/A       100%        8
 Disjunction              Tloc           0%         N/A       100%        8
 Ignition                 Fire           0%         3d3       100%        8
 Lehudib's Crystal Spear  Conj/Erth      0%         10d2      100%        8
 Maxwell's Capacitive Co  Air            0%         ∞         100%        8
 Chain Lightning          Conj/Air       0%         N/A       100%        9
 Fire Storm               Conj/Fire      0%         5d1       100%        9
 Polar Vortex             Ice            0%         N/A       100%        9
 Shatter                  Erth           0%         3d5*      100%        9
 Call Imp                 Summ           Unusable   N/A       N/A         2
 Tukima's Dance           Hex            Unusable   N/A       N/A         3
 Animate Dead             Necr           Unusable   N/A       N/A         4
 Summon Mana Viper        Hex/Summ       Unusable   N/A       N/A         5
 Death Channel            Necr           Unusable   N/A       N/A         6
 Simulacrum               Ice/Necr       Unusable   N/A       N/A         6
 Haunt                    Necr/Summ      Unusable   N/A       N/A         7
 Dragon's Call            Summ           Unusable   N/A       N/A         9

Dungeon Overview and Level Annotations

Branches:
Dungeon (15/15)            Temple (1/1) D:4            Lair (5/5) D:11
 Shoals (4/4) Lair:3       Spider (4/4) Lair:2        Slime (0/5) Lair:5
    Orc (2/2) D:9             Elf (3/3) Orc:2        Vaults (5/5) D:13
  Crypt (0/3) Vaults:2     Depths (4/4) D:15            Zot (1/5) Depths:4
  Sewer (visited)          Bailey (visited)         Desolation (visited)
Gauntlet (visited)

Altars:
Ashenzari
Cheibriados
Dithmenos
Elyvilon
Fedhas
Gozag
Hepliaklqana
Kikubaaqudgha
Makhleb
Nemelex Xobeh
Okawaru
Qazlal
Ru
Sif Muna
Trog
Uskayaw
Vehumet
Wu Jian
Xom
Yredelemnul
Zin
The Shining One
Jiyva

Shops:
D:4 !   D:14 ?   Orc:2 =(((!   Elf:1 *   Elf:3 [*(   Shoals:2 [   Vaults:1 :
Vaults:3 !   Vaults:5 ?!   Depths:2 *

Portals:
Hell: Depths:1 Depths:2 Depths:3 Depths:4
Abyss: Depths:3
Pandemonium: Depths:1 Depths:2 Depths:4
Ziggurat: Depths:2
Trove: Vaults:3 (give 11 potions of heal wounds)

Annotations:
Temple 2 transporters
Elf:1 6 runed translucent doors


Innate Abilities, Weirdness & Mutations

You are too large for most types of armour.
You have tough skin. (AC +1)


Message History

* * * LOW HITPOINT WARNING * * *
The tentacled monstrosity tentacle-slaps you but does no damage.
The tentacled monstrosity constricts you.
The green draconian hits you from afar with a +0 trident.
* * * LOW HITPOINT WARNING * * *
You block the white draconian's attack.
You block the quicksilver dragon's attack. x2
Unknown command.
Throw: 48 large rocks
Press: ? - help, Q - select action, (/) - cycle Shift-Dir - straight line, p - tentacled monstrosity You throw a large rock.
The large rock hits the tentacled monstrosity!!
The tentacled monstrosity is lightly wounded.
You block the quicksilver dragon's attack. x2
The tentacled monstrosity tentacle-slaps you but does no damage. x3
The tentacled monstrosity constricts you.
* * * LOW HITPOINT WARNING * * *
The white draconian hits you but does no damage.
You block the green draconian's attack.
The quicksilver dragon bites you but does no damage.
The quicksilver dragon claws you!
* * * LOW HITPOINT WARNING * * *
The tentacled monstrosity tentacle-slaps you but does no damage.
You block the tentacled monstrosity's attack.
The tentacled monstrosity tentacle-slaps you but does no damage.
The tentacled monstrosity constricts you.
Blink to where?
Press: ? - help, Dir - move target The tentacled monstrosity's grasp on you weakens, but your attempt to escape fails.
As you read the scroll of blinking, it crumbles to dust.
The green draconian hits you from afar with a +0 trident!!
* * * LOW HITPOINT WARNING * * *
The white draconian hits you but does no damage.
You block the quicksilver dragon's attack. x2
The tentacled monstrosity tentacle-slaps you but does no damage. x2
You block the tentacled monstrosity's attack.
The tentacled monstrosity constricts you.
* * * LOW HITPOINT WARNING * * *
The white draconian hits you with a +0 hand axe!
You die...

*,,,***,,,,,*********,,,,,,,,,,,*
**,,,*,,,...............,,,,,,,**
***,,,,,..............##,,,,,,,**
,***,,,,...###......####*,,,,,,,,
,****,,,..#####.....##..,,,,,,,,,
,,,****,....##########.#*******,,
,,,,****....⌠########...* **,
*,,,,***###..##...###dd.** ******
***,,,,*#######d@.##....,***,,***
****,,,,.#####.DX.#.D.#.,,*,,,,**
,****,,,.....#.d###.q###,,,,*,,*,
,,,*,,,,.....#.###..####*,,***,*,
,,,,,,,,.....#((#....###,,***,,*,
,,,,,,,,....##(dd(#...#.,,*,,,,*,
,,,,,,,,...####.(###..y.,**,,,**,
,,,,,,,,.....########...***,,,**,
,,,,,,,*.....########D.,* ******,


You could see a tentacled monstrosity (berserk), a green draconian (berserk), a
white draconian (berserk) and a quicksilver dragon (berserk).

Vanquished Creatures
  2 ancient liches
  An orb of fire (Zot:1)
  2 juggernauts (Depths:3)
  Mara (Depths:1)
  2 caustic shrikes (Depths:4)
  Saint Roka (Vaults:3)
  4 golden dragons
  Arachne (Spider:2)
  A bone dragon (Depths:4)
  5 tentacled monstrosities
  A walking crystal tome (Depths:3)
  Asterion (Vaults:1)
  9 titans
  A walking divine tome (Depths:4)
  The ghost of Lobster4 the Fighter, an adept HuWn of Sif Muna (Elf:3)
  4 deep elf master archers (Elf:3)
  2 walking frostbound tomes (Depths:4)
  3 quicksilver dragons (Vaults:5)
  An acid blob (Elf:3)
  A kraken (Shoals:1)
  5 deep elf blademasters
  6 sphinxes
  Frances (Spider:1)
  A death cob (Zot:1)
  Agnes (Spider:1)
  Aizul (Shoals:4)
  Kirke (Spider:3)
  Donald (Elf:2)
  6 tengu reavers
  Ilsuiw (Shoals:3)
  7 shadow dragons
  7 storm dragons
  An azure jelly (Elf:3)
  A rockslime (Elf:3)
  A revenant (Vaults:2)
  A balrug (Depths:1)
  8 frost giants
  16 vault wardens
  7 fire giants
  6 deep elf sorcerers
  10 emperor scorpions
  3 deep elf elementalists (Elf:3)
  2 imperial myrmidons (Desolation)
  3 iron dragons (Depths:4)
  Louise (Spider:3)
  5 ghost moths
  3 cacodemons (Elf:1)
  A spriggan defender (Depths:4)
  A formless jellyfish (Vaults:2)
  2 draconian annihilators (Depths:4)
  A caustic shrike zombie (Depths:2)
  3 orc warlords
  A broodmother (Spider:4)
  2 draconian stormcallers
  20 ironbound preservers
  The ghost of FakeRyeBread the Brawler, a journeyman TrFi of Wu Jian (Lair:3)
  A war gargoyle (Vaults:4)
  18 very ugly things
  18 stone giants
  Azrael (D:13)
  8 ironbound thunderhulks
  A white draconian (Depths:4)
  11 deep elf annihilators
  A lorocyproca (Depths:2)
  9 dire elephants
  A yellow draconian (Depths:4)
  4 minotaurs
  8 spark wasps
  5 deep elf demonologists
  A halazid warlock (Desolation)
  2 black draconians (Depths:4)
  An eidolon (Vaults:2)
  3 deep elf death magi
  9 fire dragons
  7 ettins
  Josephine (D:15)
  9 entropy weavers
  2 merfolk impalers
  4 servants of whispers (Desolation)
  13 yaktaur captains
  7 deep elf high priests
  6 ragged hierophants (Desolation)
  A jiangshi (Vaults:2)
  The ghost of Wiilli the Tainter, a journeyman SpVM of Hepliaklqana (Elf:1)
  A crystal guardian (Desolation)
  An entropy weaver (shapeshifter) (Elf:1)
  6 great orbs of eyes
  10 peacekeepers
  2 jorogumos (Spider:4)
  3 radroaches
  7 ice dragons
  43 vault guards
  7 ogre magi
  5 spriggan air magi
  2 hydras
  A ghost crab (Gauntlet)
  9 ironbound frosthearts
  An alligator (shapeshifter) (Vaults:5)
  A merfolk avatar (Shoals:4)
  7 centaur warriors
  A salamander tyrant (Depths:3)
  2 merfolk aquamancers (Shoals:4)
  An alligator snapping turtle (Shoals:1)
  8 boulder beetles
  4 tengu warriors
  14 two-headed ogres
  A sphinx skeleton (Depths:2)
  26 dancing weapons
  8 death yaks (Lair:5)
  14 satyrs
  8 deep troll earth magi
  2 vampire magi
  6 deep troll shamans
  4 demonic crawlers
  The ghost of Jeffwins the Grappler, a journeyman VSSh (D:8)
  Sonja (Lair:5)
  2 spriggan berserkers
  A shock serpent (shapeshifter) (D:15)
  2 orc high priests
  A soul eater (Depths:2)
  A storm dragon zombie (Vaults:5)
  A hell knight (Vaults:4)
  22 deep elf knights
  10 sun demons (Depths:2)
  7 pharaoh ants
  2 fire crabs (shapeshifter) (Elf:1)
  4 skeletal warriors (D:15)
  A shadow wraith (Depths:2)
  A salamander mystic (Depths:3)
  3 skysharks
  9 iron trolls
  2 sun moths
  A skyshark (shapeshifter) (Elf:1)
  54 deep trolls
  A glowing orange brain (shapeshifter) (Vaults:5)
  10 sea snakes
  5 flayed ghosts
  10 orb spiders
  10 steelbarb worms
  14 deep elf archers
  6 glowing orange brains
  7 arcanists
  9 lindwurms
  A phantasmal warrior (Vaults:5)
  A harpy (shapeshifter) (D:15)
  35 harpies
  8 necromancers
  An iron dragon zombie (Depths:2)
  5 orc knights
  27 deep elf pyromancers
  26 ironbound convokers
  12 wolf spiders
  9 orc sorcerers
  2 cyclopes (shapeshifter)
  25 deep elf zephyrmancers
  A shining eye (Depths:2)
  11 cyclopes
  4 moths of wrath
  An iron dragon skeleton (Depths:2)
  8 salamanders
  38 ugly things
  11 merfolk sirens
  18 manticores
  22 fauns
  2 guardian serpents (Desolation)
  A manticore (shapeshifter) (Elf:2)
  A frost giant skeleton (Depths:2)
  A gargoyle (D:13)
  6 torpor snails
  A black mamba (Lair:5)
  3 water nymphs
  A fire giant skeleton (Depths:2)
  3 eyes of devastation
  2 molten gargoyles (Desolation)
  6 cane toads
  2 smoke demons (Depths:1)
  23 vault sentinels
  A titan simulacrum (Vaults:5)
  7 unseen horrors
  A yaktaur (shapeshifter) (D:14)
  5 tengu conjurers
  3 rime drakes
  A freezing wraith (Vaults:4)
  10 komodo dragons
  Psyche (D:9)
  A kobold demonologist (D:8)
  22 yaktaurs
  The ghost of jpeg9000 the Covered, an amateur MiFi of Qazlal (D:4)
  12 trolls
  13 merfolk
  9 polar bears
  11 hornets
  A queen bee (Gauntlet)
  A wind drake (shapeshifter) (Elf:2)
  A tengu simulacrum (Depths:2)
  13 tarantellas
  13 blink frogs
  22 dream sheep
  34 saltlings (Desolation)
  9 snapping turtles
  A glass eye (Elf:3)
  A raiju (shapeshifter) (Elf:3)
  A frost giant simulacrum (Depths:2)
  A dream sheep (shapeshifter) (D:15)
  20 jumping spiders
  3 centaur simulacra
  14 culicivoras
  11 water elementals
  4 shadows
  12 slime creatures
  A yak (shapeshifter) (Elf:1)
  17 spriggans
  3 hogs (Spider:3)
  3 air elementals
  A wyvern (shapeshifter) (Elf:2)
  2 humans (Spider:3)
  8 wraiths
  3 wyverns
  43 yaks
  9 fire elementals
  3 fire bats (Depths:2)
  6 basilisks
  57 redbacks
  A steam dragon (D:8)
  5 vampire mosquitoes
  8 wargs
  2 acid dragons
  6 water moccasins
  A two-headed ogre zombie (Orc:1)
  Duvessa (D:6)
  A harpy simulacrum (Gauntlet)
  4 hell hounds
  A glowing shapeshifter skeleton (Vaults:5)
  29 orc warriors
  4 ice beasts
  4 black bears
  17 wolves
  A tengu (shapeshifter) (Elf:1)
  15 boggarts
  4 centaurs
  22 ogres
  2 phantoms
  3 kobold brigands
  5 bullfrogs
  4 earth elementals
  2 scorpions
  8 wights
  Dowan (D:6)
  5 killer bees (Gauntlet)
  2 electric eels
  7 howler monkeys
  3 hounds (D:7)
  6 jellies
  5 gnoll boudas
  21 orc priests
  2 cyclops simulacra (Orc:1)
  2 sleepcaps
  3 iguanas
  2 scorpion zombies (D:4)
  27 orc wizards
  An ogre zombie (Orc:1)
  2 ogre skeletons (Orc:1)
  16 gnolls
  3 orc zombies (Orc:1)
  12 adders
  3 river rats
  3 orc skeletons (Orc:1)
  4 white imps
  4 ufetubi
  3 worms
  5 dart slugs
  101 orcs
  2 orc simulacra (Orc:1)
  13 endoplasms
  5 giant cockroaches
  11 goblins
  8 hobgoblins
  11 jackals
  14 kobolds
  8 quokkas
  5 ball pythons
  5 bats
  5 frilled lizards
  A frilled lizard (shapeshifter) (Elf:1)
  15 rats
  4 tentacles (Shoals:1)
1972 creatures vanquished.

Vanquished Creatures (collateral kills)
  A stone giant (Vaults:5)
  A demonic crawler (Spider:1)
  An orb spider (Spider:1)
  2 jumping spiders (Spider:1)
  A culicivora (Spider:1)
  3 redbacks (Spider:1)
9 creatures vanquished.

Vanquished Creatures (others)
  A deep elf knight (Elf:3)
  A steelbarb worm (Spider:1)
  A harpy (Shoals:3)
  A manticore (Shoals:4)
  An orc wizard (Elf:1)
  5 tentacles (Shoals:1)
10 creatures vanquished.

Grand Total: 1991 creatures vanquished

Notes
Turn   | Place    | Note
-------+----------+-------------------------------------------
     0 | D:1      | mandarbmax the Ogre Fighter began the quest for the Orb.
     0 | D:1      | Reached XP level 1. HP: 24/24 MP: 1/1
    51 | D:1      | Reached XP level 2. HP: 31/32 MP: 2/2
   479 | D:1      | Reached XP level 3. HP: 37/40 MP: 3/3
   974 | D:1      | Found a burning altar of Makhleb.
  1291 | D:2      | Reached XP level 4. HP: 44/49 MP: 4/4
  2087 | D:3      | Found a glowing drain.
  2119 | Sewer    | Entered a sewer
  2128 | Sewer    | Reached skill level 5 in Fighting
  2128 | Sewer    | Reached XP level 5. HP: 45/57 MP: 5/5
  2222 | Sewer    | Noticed a kobold brigand
  2231 | Sewer    | Killed a kobold brigand
  2278 | Sewer    | Reached XP level 6. HP: 62/66 MP: 6/6
  2658 | D:3      | Reached skill level 1 in Throwing
  2659 | D:3      | Found a radiant altar of Vehumet.
  2673 | D:3      | Identified the +6 rapier "Jafuzur" {heavy, Fly rF- MP+9
                  | Dex-2}
  3254 | D:4      | Reached XP level 7. HP: 27/74 MP: 7/7
  3514 | D:4      | Found a staircase to the Ecumenical Temple.
  3516 | D:4      | Found a faded altar of an unknown god.
  3539 | Temple   | Found a transporter.
  3539 | Temple   | Found a transporter.
  3539 | Temple   | Found a transporter.
  3539 | Temple   | Found a transporter.
  3539 | Temple   | Entered the Ecumenical Temple
  3554 | Temple   | Became a worshipper of Warmaster Okawaru
  3621 | D:4      | Reached skill level 2 in Throwing
  3702 | D:4      | Found a runed translucent gate.
  3702 | D:4      | Found a runed translucent gate.
  3702 | D:4      | Found a runed translucent gate.
  3702 | D:4      | Noticed jpeg9000's ghost (amateur MiFi)
  3704 | D:4      | Found a basalt altar of Yredelemnul.
  4177 | D:4      | Found Cowahues's Distillery.
  4180 | D:4      | Bought a potion of curing for 36 gold pieces
  4180 | D:4      | Bought a potion of cancellation for 96 gold pieces
  4390 | D:5      | Entered Level 5 of the Dungeon
  4799 | D:5      | Reached skill level 5 in Axes
  4799 | D:5      | Reached skill level 3 in Throwing
  4800 | D:5      | Reached XP level 8. HP: 80/83 MP: 8/8
  5261 | D:5      | Found an opulent altar of Gozag.
  5841 | D:6      | Noticed Dowan
  5844 | D:6      | Noticed Duvessa
  5854 | D:6      | Killed Duvessa
  5854 | D:6      | Reached * piety under Okawaru
  5855 | D:6      | Reached skill level 4 in Throwing
  5855 | D:6      | Reached skill level 5 in Shields
  5855 | D:6      | Reached skill level 1 in Shapeshifting
  5856 | D:6      | Killed Dowan
  6148 | D:6      | Reached skill level 5 in Dodging
  6148 | D:6      | Reached XP level 9. HP: 75/93 MP: 9/9
  6415 | D:7      | Reached skill level 5 in Throwing
  6429 | D:7      | Found a flagged portal.
  6441 | Bailey   | Entered a bailey
  6698 | Bailey   | Noticed an orc knight
  6902 | Bailey   | Reached ** piety under Okawaru
  6916 | Bailey   | Killed an orc knight
  6917 | Bailey   | Reached skill level 6 in Throwing
  6917 | Bailey   | Reached skill level 1 in Invocations
  7105 | Bailey   | Identified the +0 pair of gloves of Ignis's Esteem {-Tele
                  | Rampage rPois Regen+ Dex+2}
  7539 | D:7      | Reached skill level 1 in Armour
  7725 | D:7      | Found a sacrificial altar of Ru.
  7765 | D:7      | Reached XP level 10. HP: 106/106 MP: 11/11
  7874 | D:7      | Reached skill level 7 in Throwing
  7942 | D:7      | Found an ornate altar of the Wu Jian Council.
  8200 | D:8      | Identified the of Dafobay
  8370 | D:8      | Reached *** piety under Okawaru
  8605 | D:8      | Found a blossoming altar of Fedhas.
  8695 | D:8      | Found a glowing golden altar of the Shining One.
  8720 | D:8      | You fall into a shaft and drop 3 floors!
  8833 | D:11     | Found a staircase to the Lair.
  8856 | D:10     | Entered Level 10 of the Dungeon
  8899 | D:10     | Reached **** piety under Okawaru
  8939 | D:9      | Found a shimmering blue altar of Sif Muna.
  8949 | D:9      | Reached skill level 8 in Throwing
  9010 | D:9      | Found a broken altar of Ashenzari.
  9012 | D:9      | Found a staircase to the Orcish Mines.
  9299 | D:9      | Found a burning altar of Makhleb.
  9542 | D:9      | Noticed Psyche
  9544 | D:9      | Paralysed by Psyche for 4 turns
  9549 | D:9      | Killed Psyche
  9959 | D:8      | Found a runed translucent door.
  9961 | D:8      | Noticed a kobold demonologist
  9961 | D:8      | Noticed Jeffwins's ghost (journeyman VSSh)
 10001 | D:8      | Found a hide-covered altar of Uskayaw.
 10023 | D:8      | Reached XP level 11. HP: 90/112 MP: 14/14
 10142 | D:8      | Found a hazy altar of Hepliaklqana.
 10441 | D:8      | Killed Jeffwins's ghost
 10442 | D:8      | Reached skill level 10 in Fighting
 10442 | D:8      | Reached skill level 9 in Throwing
 10442 | D:8      | Reached skill level 5 in Shapeshifting
 10561 | D:4      | Killed jpeg9000's ghost
 10810 | D:10     | Reached skill level 5 in Invocations
 10816 | D:10     | Reached ***** piety under Okawaru
 10968 | D:10     | Received a gift from Okawaru
 11109 | D:10     | Found a shimmering altar of Xom.
 11347 | D:11     | Reached skill level 10 in Throwing
 11451 | D:11     | Noticed a cyclops
 11453 | D:11     | Killed a cyclops
 11453 | D:11     | Received a gift from Okawaru
 11576 | D:11     | Noticed a boulder beetle
 11582 | D:11     | Killed a boulder beetle
 11583 | D:11     | Reached XP level 12. HP: 79/130 MP: 16/16
 12254 | D:12     | Received a gift from Okawaru
 12485 | D:12     | Reached skill level 5 in Armour
 12565 | D:12     | Reached skill level 11 in Throwing
 12792 | Lair:1   | Entered Level 1 of the Lair of Beasts
 12870 | Lair:1   | Found a gate leading to a gauntlet.
 12888 | Gauntlet | Entered a Gauntlet
 12888 | Gauntlet | Found a transporter.
 12888 | Gauntlet | Found a transporter.
 12892 | Gauntlet | Found a transporter.
 12892 | Gauntlet | Found a transporter.
 12896 | Gauntlet | Noticed a ghost crab
 12918 | Gauntlet | Found a transporter.
 12928 | Gauntlet | Found a transporter.
 12928 | Gauntlet | Found a transporter.
 12934 | Gauntlet | Found a transporter.
 12963 | Gauntlet | Found a transporter.
 12972 | Gauntlet | Found a transporter.
 12994 | Gauntlet | Found a transporter.
 13040 | Gauntlet | Found a transporter.
 13054 | Gauntlet | Found a transporter.
 13143 | Gauntlet | Found a transporter.
 13158 | Gauntlet | Found a transporter.
 13161 | Gauntlet | Noticed a green death
 13174 | Gauntlet | Found a transporter.
 13267 | Gauntlet | Reached ****** piety under Okawaru
 13271 | Gauntlet | Received a gift from Okawaru
 13273 | Gauntlet | Acquired the +16 obsidian axe {drain, demonic, Mesm Drain
                  | Fly SInv}
 13273 | Gauntlet | Received a gift from Okawaru
 13273 | Gauntlet | Found the +16 obsidian axe {drain, demonic, Mesm Drain Fly
                  | SInv}
 13276 | Gauntlet | Acquired the +0 cloak of Jikhloh {Will++}
 13276 | Gauntlet | Received a gift from Okawaru
 13359 | Gauntlet | Killed a ghost crab
 13401 | Gauntlet | Identified the +5 great sword "Mashodamm" {drain, *Slow
                  | Fragile rElec rPois Dex+7}
 13458 | Gauntlet | Noticed a minotaur
 13467 | Gauntlet | Killed a minotaur
 14344 | Lair:2   | Found a hole to the Spider Nest.
 14353 | Lair:2   | Received a gift from Okawaru
 14358 | Lair:2   | Reached XP level 13. HP: 107/140 MP: 17/17
 14609 | Lair:2   | Reached skill level 12 in Throwing
 15134 | Lair:3   | Found a runed translucent door.
 15134 | Lair:3   | Noticed FakeRyeBread's ghost (journeyman TrFi)
 15134 | Lair:3   | Found the +7 captain's cutlass {speed, disarm}
 15148 | Lair:3   | Killed FakeRyeBread's ghost
 15380 | Lair:3   | Found a staircase to the Shoals.
 15934 | Lair:4   | Found the +12 glaive of Prune {freeze, Prune}
 16525 | Lair:5   | Entered Level 5 of the Lair of Beasts
 16533 | Lair:5   | Received a gift from Okawaru
 16601 | Lair:5   | Reached skill level 13 in Throwing
 16810 | Lair:5   | Identified the +0 buckler of Aqokkah {Dex+3}
 16837 | Lair:5   | Received a gift from Okawaru
 16944 | Lair:5   | Reached XP level 14. HP: 123/153 MP: 19/19
 17092 | Lair:5   | Noticed Sonja
 17094 | Lair:5   | Killed Sonja
 17181 | Lair:5   | Reached skill level 14 in Throwing
 17227 | Lair:5   | Received a gift from Okawaru
 17266 | Lair:5   | Found a staircase to the Slime Pits.
 17921 | Orc:1    | Entered Level 1 of the Orcish Mines
 18321 | Orc:2    | Entered Level 2 of the Orcish Mines
 18381 | Orc:2    | Received a gift from Okawaru
 18410 | Orc:2    | Found a staircase to the Elven Halls.
 18489 | Orc:2    | Found Orets's Weapon Shoppe.
 18489 | Orc:2    | Found Hixonk's Antique Weapon Emporium.
 18499 | Orc:2    | Reached skill level 1 in Stealth
 18510 | Orc:2    | Reached skill level 15 in Throwing
 18552 | Orc:2    | Received a gift from Okawaru
 18558 | Orc:2    | Reached XP level 15. HP: 65/165 MP: 19/21
 18672 | Orc:2    | Identified the +2 trident "Wanaokompy" {heavy, Dex+4}
 18680 | Orc:2    | Reached skill level 15 in Fighting
 18737 | Orc:2    | Found Opuosi's Jewellery Emporium.
 18810 | Orc:2    | Found Eprihush's Weapon Boutique.
 18821 | Orc:2    | Found Vucrus's Distillery.
 18830 | Orc:2    | Bought a potion of ambrosia for 112 gold pieces
 18830 | Orc:2    | Bought 2 potions of resistance for 280 gold pieces
 18830 | Orc:2    | Bought a potion of heal wounds for 70 gold pieces
 18830 | Orc:2    | Bought a potion of heal wounds for 70 gold pieces
 19332 | Orc:1    | Paralysed by an orc sorcerer for 3 turns
 19336 | Orc:1    | Noticed an orc warlord
 19341 | Orc:1    | Killed an orc warlord
 19756 | D:13     | Found a gate to the Vaults.
 19771 | D:13     | Noticed Azrael
 19894 | D:13     | Received a gift from Okawaru
 20063 | D:13     | Killed Azrael
 20535 | D:14     | Found Tiacifoz's Magic Scroll Shoppe.
 20537 | D:14     | Received a gift from Okawaru
 20546 | D:14     | Bought a scroll of identify for 36 gold pieces
 20546 | D:14     | Bought a scroll of identify for 36 gold pieces
 21325 | D:15     | Entered Level 15 of the Dungeon
 21334 | D:15     | Found a sparkling altar of Nemelex Xobeh.
 21518 | D:15     | Reached skill level 16 in Throwing
 21519 | D:15     | Found a staircase to the Depths.
 21637 | D:15     | Received a gift from Okawaru
 21637 | D:15     | Noticed Josephine
 21641 | D:15     | Killed Josephine
 21803 | D:15     | Reached XP level 16. HP: 179/179 MP: 23/23
 22273 | Spider:1 | Entered Level 1 of the Spider Nest
 22414 | Spider:1 | Reached skill level 10 in Invocations
 22460 | Spider:1 | Received a gift from Okawaru
 22525 | Spider:1 | Reached skill level 10 in Shields
 22555 | Spider:1 | Noticed Frances
 22565 | Spider:1 | Killed Frances
 22651 | Spider:1 | Received a gift from Okawaru
 22664 | Spider:1 | Noticed Agnes
 22683 | Spider:1 | Reached skill level 17 in Throwing
 22684 | Spider:1 | Killed Agnes
 23093 | Spider:1 | Identified a scroll of acquirement
 23094 | Spider:1 | Acquired a manual of Stealth
 23299 | Spider:2 | Acquired 596 gold pieces
 23571 | Spider:2 | Found the +7 sceptre of Torment {pain, torment}
 23611 | Spider:2 | Received a gift from Okawaru
 24028 | Spider:2 | Noticed Arachne
 24036 | Spider:2 | Killed Arachne
 24666 | Spider:3 | Received a gift from Okawaru
 24667 | Spider:3 | Reached XP level 17. HP: 162/191 MP: 24/24
 24751 | Spider:3 | Noticed Kirke
 24756 | Spider:3 | Killed Kirke
 24992 | Spider:3 | Noticed Louise
 24999 | Spider:3 | Reached skill level 5 in Stealth
 25011 | Spider:3 | Killed Louise
 25190 | Spider:3 | Received a gift from Okawaru
 25498 | Spider:4 | Entered Level 4 of the Spider Nest
 25726 | Spider:4 | Reached skill level 18 in Throwing
 25776 | Spider:4 | Received a gift from Okawaru
 26647 | Orc:2    | Bought the ring "Suateuz" {rC+ Str+3 Dex+4 SInv} for 611
                  | gold pieces
 26876 | Shoals:1 | Entered Level 1 of the Shoals
 26995 | Shoals:1 | Received a gift from Okawaru
 27479 | Shoals:1 | Noticed a kraken
 27496 | Shoals:1 | Killed a kraken
 27789 | Shoals:2 | Reached XP level 18. HP: 163/163 MP: 25/25
 27818 | Shoals:2 | Found Qokhodow's Armour Emporium.
 27851 | Shoals:3 | Received a gift from Okawaru
 28072 | Shoals:2 | Found a flickering gateway to a bazaar.
 28077 | Bazaar   | Entered a bazaar
 28077 | Bazaar   | Found Toaw Semal's Book Emporium.
 28077 | Bazaar   | Found Cimuvam's Armour Shop.
 28077 | Bazaar   | Found Syatytam's Antique Weapon Shoppe.
 28214 | Bazaar   | Found Sirch's Distillery.
 28273 | Bazaar   | Bought a potion of heal wounds for 75 gold pieces
 28273 | Bazaar   | Bought a potion of mutation for 120 gold pieces
 28273 | Bazaar   | Bought 2 potions of might for 120 gold pieces
 28273 | Bazaar   | Bought a potion of cancellation for 120 gold pieces
 28273 | Bazaar   | Bought a potion of heal wounds for 75 gold pieces
 29056 | Shoals:3 | Reached skill level 19 in Throwing
 29114 | Shoals:3 | Noticed Ilsuiw
 29130 | Shoals:3 | Received a gift from Okawaru
 29281 | Shoals:3 | Killed Ilsuiw
 29612 | Shoals:4 | Entered Level 4 of the Shoals
 29648 | Shoals:3 | Reached skill level 10 in Armour
 30076 | Shoals:4 | Found the +8 demon trident "Rift" {distort, reach+}
 30178 | Shoals:4 | Identified the +6 scale mail of Munac {-Cast Dex+6}
 30178 | Shoals:4 | Identified the ring of Voroq {Drain rF+ Int+3 SInv}
 30332 | Shoals:4 | Received a gift from Okawaru
 30364 | Shoals:4 | Got a barnacled rune of Zot
 30412 | Shoals:4 | Reached XP level 19. HP: 198/214 MP: 26/26
 30482 | Shoals:4 | Identified the serpent talisman "Mumihiu" {*Corrode rPois
                  | Str+6 Slay+2}
 30482 | Shoals:4 | Noticed Aizul
 30494 | Shoals:4 | Killed Aizul
 30922 | Shoals:1 | Identified the +2 leather armour of Truth {rF++ rC+ Regen+
                  | Str-2}
 31425 | Spider:4 | Received a gift from Okawaru
 31482 | Spider:4 | Identified the +1 hat of Elitism {rCorr Str-2 Dex+3 Stlth+}
 31498 | Spider:4 | Got a gossamer rune of Zot
 31855 | Vaults:1 | Identified the "Nill"
 31855 | Elf:1    | Entered Level 1 of the Elven Halls
 32081 | Elf:1    | Reached skill level 20 in Throwing
 32443 | Elf:1    | Found Alaehec's Assorted Antiques.
 32652 | Elf:1    | Reached skill level 10 in Stealth
 32655 | Elf:1    | Received a gift from Okawaru
 32946 | Elf:1    | Found a runed translucent gate.
 32946 | Elf:1    | Found a runed translucent gate.
 32946 | Elf:1    | Found a runed translucent gate.
 32946 | Elf:1    | Found a runed translucent gate.
 32946 | Elf:1    | Found a runed translucent gate.
 32947 | Elf:1    | Found a runed translucent gate.
 32998 | Elf:1    | Found a runed translucent gate.
 32998 | Elf:1    | Noticed a tentacled monstrosity
 32999 | Elf:1    | Found a runed translucent gate.
 33001 | Elf:1    | Found a runed translucent gate.
 33001 | Elf:1    | Noticed a tentacled monstrosity
 33292 | Elf:1    | Killed a tentacled monstrosity
 33299 | Elf:1    | Killed a tentacled monstrosity
 33313 | Elf:1    | Found a runed translucent gate.
 33313 | Elf:1    | Found a runed translucent gate.
 33316 | Elf:1    | Found a runed translucent gate.
 33316 | Elf:1    | Noticed Wiilli's ghost (journeyman SpVM)
 33344 | Elf:1    | Received a gift from Okawaru
 33346 | Elf:1    | Killed Wiilli's ghost
 33691 | Desolati | Identified the "Syxzach Xiha"
 33693 | Elf:2    | Found a crumbling gateway.
 33751 | Desolati | Entered the Desolation of Salt
 33946 | Desolati | Identified the +7 flail "Arbiter" {freeze, rC+}
 34204 | Desolati | Reached XP level 20. HP: 167/228 MP: 27/27
 34216 | Desolati | Received a gift from Okawaru
 34614 | Desolati | Identified the ring of the Gloaming {Drain rF+ rC++ Will+
                  | AC+4}
 34879 | Desolati | Found the +5 Lochaber axe {reach-cleave, Poleaxe Drain}
 34956 | Desolati | Found the +6 arbalest "Damnation" {damnation}
 35120 | Elf:2    | Paralysed by an air elemental for 1 turns
 35319 | Elf:2    | Noticed Donald
 35329 | Elf:2    | Killed Donald
 35347 | Elf:2    | Received a gift from Okawaru
 35348 | Elf:2    | Reached skill level 21 in Throwing
 35547 | Elf:2    | Found a runed translucent gate.
 35547 | Elf:2    | Found a runed translucent gate.
 35547 | Elf:2    | Found a runed translucent gate.
 36733 | Elf:3    | Identified the of Ymoyguth
 36733 | Elf:3    | Identified the "Jeixeila"
 36733 | Elf:3    | Identified the "Myjaxt"
 36733 | Elf:3    | Entered Level 3 of the Elven Halls
 36735 | Elf:3    | Received a gift from Okawaru
 36751 | Elf:3    | Found Reli's Antique Weapon Emporium.
 36772 | Elf:3    | Found Qassevysk's Antique Armour Shop.
 37425 | Elf:3    | Received a gift from Okawaru
 37480 | Elf:3    | Identified the ring of Kallozxi {rCorr Str+5 Slay+5}
 38076 | Elf:3    | Found Bigaeth's Assorted Antiques.
 38121 | Elf:3    | Reached XP level 21. HP: 231/239 MP: 28/28
 38409 | Elf:3    | Identified the +9 mace of the Elven Halls {vamp, rElec MP+9
                  | Str+6}
 38744 | Elf:3    | Identified the +6 hand axe of the Real Monster {holy, Int+5
                  | Stlth+}
 38745 | Elf:3    | Identified the +3 long sword of Hahin {heavy, rC+ Dex+3}
 38746 | Elf:3    | Identified the +5 dagger of Malaise {pain, rElec Str-4
                  | Dex+2}
 38757 | Elf:3    | Identified the +5 scimitar of Bile {speed, rElec rPois rF-
                  | Str+2}
 38842 | Elf:3    | Found the +11 Singing Sword {sonic wave}
 38973 | Elf:3    | Received a gift from Okawaru
 39045 | Elf:3    | Found a runed translucent gate.
 39045 | Elf:3    | Found a runed translucent gate.
 39046 | Elf:3    | Found a runed translucent gate.
 39047 | Elf:3    | Noticed Lobster4's ghost (adept HuWn)
 39049 | Elf:3    | Found a viscous altar of Jiyva.
 39076 | Elf:3    | Killed Lobster4's ghost
 39370 | Vaults:1 | Entered Level 1 of the Vaults
 39707 | Vaults:1 | Reached skill level 22 in Throwing
 39849 | Vaults:1 | You fall into a shaft and drop 1 floor!
 39948 | Vaults:2 | Received a gift from Okawaru
 40171 | Vaults:2 | Found a staircase to the Crypt.
 40689 | Vaults:2 | Identified the +1 flail of Lafiprus {flame, rElec rN+ Str+5
                  | Stlth-}
 40960 | Vaults:3 | Found a portal to a secret trove of treasure.
 40966 | Vaults:3 | Received a gift from Okawaru
 41202 | Vaults:3 | Found Ymegudyc's Distillery.
 41208 | Vaults:3 | Bought a potion of might for 56 gold pieces
 41208 | Vaults:3 | Bought a potion of might for 56 gold pieces
 41208 | Vaults:3 | Bought a potion of mutation for 112 gold pieces
 41208 | Vaults:3 | Bought a potion of cancellation for 112 gold pieces
 41527 | D:4      | Bought a potion of might for 48 gold pieces
 41527 | D:4      | Bought a potion of invisibility for 96 gold pieces
 41527 | D:4      | Bought a potion of heal wounds for 60 gold pieces
 41747 | Vaults:1 | Reached skill level 15 in Shields
 41905 | Vaults:1 | Noticed Asterion
 41913 | Vaults:1 | Killed Asterion
 41976 | Vaults:1 | Reached XP level 22. HP: 233/248 MP: 29/29
 42266 | Vaults:1 | Received a gift from Okawaru
 42335 | Vaults:1 | Found Wyisuscha's Book Boutique.
 42770 | Vaults:3 | Noticed Saint Roka
 42782 | Vaults:3 | Killed Saint Roka
 42965 | Vaults:3 | Reached skill level 23 in Throwing
 43754 | Vaults:3 | Received a gift from Okawaru
 44780 | Vaults:4 | Received a gift from Okawaru
 45404 | Vaults:5 | Entered Level 5 of the Vaults
 45404 | Vaults:5 | Noticed an ancient lich
 45413 | Vaults:5 | Reached XP level 23. HP: 231/265 MP: 23/30
 45415 | Vaults:5 | Killed an ancient lich
 45416 | Vaults:5 | Received a gift from Okawaru
 45426 | Vaults:5 | Reached skill level 24 in Throwing
 45477 | Vaults:5 | Received a gift from Okawaru
 45825 | Vaults:4 | HP: 11/250 [ettin/+1 dire flail of protection (26)]
 46780 | Vaults:5 | Noticed an ancient lich
 46783 | Vaults:5 | Noticed a golden dragon
 46920 | Vaults:4 | Killed an ancient lich
 47224 | Vaults:5 | Killed a golden dragon
 47254 | Vaults:5 | Received a gift from Okawaru
 48541 | Vaults:5 | Found Nyenoica's Distillery.
 48551 | Vaults:5 | Bought a potion of haste for 220 gold pieces
 48551 | Vaults:5 | Bought 2 potions of heal wounds for 220 gold pieces
 48551 | Vaults:5 | Bought a potion of haste for 220 gold pieces
 48551 | Vaults:5 | Bought a potion of heal wounds for 110 gold pieces
 48551 | Vaults:5 | Bought a potion of might for 88 gold pieces
 48551 | Vaults:5 | Bought a potion of ambrosia for 176 gold pieces
 48748 | Vaults:5 | Noticed a golden dragon
 48753 | Vaults:5 | Killed a golden dragon
 48856 | Vaults:5 | Identified the +9 mace of Riaczad {heavy, rCorr Dex+4}
 48950 | Vaults:5 | Got a silver rune of Zot
 49140 | Vaults:5 | Received a gift from Okawaru
 49386 | Vaults:5 | Acquired a manual of Evocations
 49428 | Vaults:5 | Reached XP level 24. HP: 245/252 MP: 30/30
 49442 | Vaults:5 | Reached skill level 1 in Evocations
 49628 | Vaults:5 | Found the +15 Maxwell's patent armour {-Cast -Tele rElec
                  | Will+ rCorr}
 49779 | Vaults:5 | Identified the staff "Maeki" {Fly rN++ MP+9 Str-5 Conj}
 49952 | Vaults:5 | Found Xaicrun's Magic Scroll Shop.
 50052 | Vaults:5 | Bought a scroll of blinking for 150 gold pieces
 50233 | Depths:1 | Entered Level 1 of the Depths
 50708 | Depths:1 | Reached skill level 25 in Throwing
 51133 | Depths:1 | Found a one-way gate leading to the halls of Pandemonium.
 51334 | Depths:1 | Found a gateway to Hell.
 51366 | Depths:1 | Received a gift from Okawaru
 51595 | Depths:1 | Noticed Mara
 51609 | Depths:1 | Killed Mara
 52468 | Depths:2 | Found Buol's General Store.
 52498 | Depths:2 | Found a one-way gateway to a ziggurat.
 52749 | Depths:2 | Received a gift from Okawaru
 52788 | Depths:2 | Reached skill level 5 in Evocations
 53814 | Depths:3 | Received a gift from Okawaru
 54037 | Depths:3 | Noticed a juggernaut
 54043 | Depths:3 | Killed a juggernaut
 54191 | Depths:3 | Reached XP level 25. HP: 277/291 MP: 30/30
 54195 | Depths:3 | Reached skill level 15 in Armour
 54390 | Depths:3 | Received a gift from Okawaru
 54399 | Depths:3 | Noticed a juggernaut
 54417 | Depths:3 | Killed a juggernaut
 54943 | Depths:3 | Found a one-way gate to the infinite horrors of the Abyss.
 54967 | Depths:4 | Entered Level 4 of the Depths
 55329 | Depths:4 | Found a runed translucent door.
 55492 | Depths:4 | Found an iron altar of Okawaru.
 55641 | Depths:4 | Reached skill level 26 in Throwing
 55657 | Depths:4 | Received a gift from Okawaru
 55803 | Depths:4 | Found a gate to the Realm of Zot.
 56469 | Zot:1    | Entered Level 1 of the Realm of Zot
 56480 | Zot:1    | Noticed an orb of fire
 56484 | Zot:1    | Killed an orb of fire
 56507 | Zot:1    | HP: 8/292 [green draconian/+0 trident (19)]
 56507 | Zot:1    | Slain by a white draconian

Illustrated notes

Levels and vault maps discovered:
D:1:      dpeg_arrival_water_altar, layout_basic, serial_curves, eino_curves_03,
          eino_curves_03
D:2:      layout_loops_ring
D:3:      layout_basic, vehumet_altar_wand_db, portal_sewer_entry_a
D:4:      minmay_skewed_foursquare, layout_basic,
          nicolae_yredelemnul_ghost_church, nicolae_temple_entry_ecumenical,
          serial_shops, nicolae_shop_window_shopping
D:5:      layout_basic, mainiacjoe_overflow_surrounded_room
D:6:      layout_basic, hex_intersection, uniq_duvessa
D:7:      layout_cave_pools, nicolae_wu_jian_wuxing_cycle,
          nicolae_ru_the_path_less_chosen, serial_gnoll_camp,
          gnoll_camp_mini_house, gnoll_camp_mini_loothouse,
          gnoll_camp_mini_basic, gnoll_camp_mini_house, enter_bailey_4
D:8:      layout_loops_ring, nicolae_tso_carved_into_rock,
          mainiacjoe_overflow_paths, fedhas_altar_1,
          mainiacjoe_overflow_alcove_4, special_room [special_room_orc],
          ebering_ghost_inner_flame
D:9:      layout_roguey, amcnicky_altar_gilded, mainiacjoe_overflow_catwalk,
          mainiacjoe_overflow_brackets, uniq_psyche
D:10:     layout_roguey, kennysheep_mini_moat, minmay_diced_spiral
D:11:     layout_long_grid, hellmonk_lair_entry_icy
D:12:     layout_basic
D:13:     layout_cave_pools, lightli_vaults_fourway_checkpoint,
          nicolae_lava_and_water, minmay_misc_feat_cross, uniq_azrael
D:14:     layout_cave_pools, roderic_serpentine_path, wad_floor_pattern_2,
          kennysheep_small_square
D:15:     hellmonk_depths_entry_around_the_bend, layout_loops_ring,
          nemelex_spade_bored_becter, uniq_josephine
Temple:   hellmonk_temple_divided_pantheon
Lair:1:   layout_hall_layers, gauntlet_entry_generic, serial_bayou_shore_a,
          infiniplex_staircase_pool_2, lemuel_fruit_tree
Lair:2:   layout_loops_ring, spider_nest_entry_webs
Lair:3:   wander_river, layout_chaotic_city, elwin_shoals_entry_rooms,
          gammafunk_ghost_grave
Lair:4:   layout_regular_city
Lair:5:   minmay_lair_end_enchanted_forest, layout_cave_pods,
          nicolae_slime_entry_slimehenge, uniq_sonja
Shoals:1: layout_shoals, nicolae_shoals_cliffside_cave
Shoals:2: layout_shoals, serial_shops, bzr_entry_road, nicolae_take_the_stairs
Shoals:3: layout_shoals, nicolae_shoals_stone_sculpture_thing, uniq_ilsuiw
Shoals:4: shoals_end_hellmonk_lost_city, uniq_aizul
Spider:1: layout_spider_delve, nicolae_spider_scorpion_nest, uniq_agnes,
          uniq_frances
Spider:2: layout_chambers, nicolae_spider_stair_cavern, uniq_arachne
Spider:3: layout_spider_delve, uniq_kirke, uniq_louise
Spider:4: spider_rune_water
Orc:1:    dreamdust_under_siege, layout_diamond_mine
Orc:2:    st_orc_open, layout_diamond_mine, serial_shops,
          nicolae_shop_statue_plus, elves_outpost_lemuel
Elf:1:    layout_loops_ring, ploomutoo_gammafunk_ghost_potion_laboratory,
          serial_shops, shop, orc_legates
Elf:2:    nicolae_elf_blades_crystal_corner, layout_rooms,
          portal_desolation_entry_ruin, hex_medium, hangedman_elven_ridges,
          uniq_donald
Elf:3:    minmay_elf_hall_statues, layout_geoelf_diagonals,
          gammafunk_ghost_ooze, serial_shops, shop,
          nicolae_shop_just_a_little_nook, shop_statue, due_unseen_surprise
Vaults:1: v_misc_27, nicolae_vaults_double_plus_1, nicolae_vaults_little_ls,
          v_rooms_4, vaults_room_boxed, nicolae_vaults_stairing_the_circle,
          nicolae_vaults_tangram_2, nicolae_vaults_surprise_closet_hard,
          layout_vaults_omnigrid, serial_shops, shop, uniq_asterion
Vaults:2: nicolae_vaults_circle_grid_a, nicolae_vaults_cochlea,
          vaults_room_fours, minmay_crypt_entry_simple_statues,
          nicolae_vaults_more_shelving_2, v_rooms_6, v_misc_23,
          vaults_dpeg_cross, layout_vaults_ring
Vaults:3: vaults_room_pool, nicolae_vaults_shipping_containers_7,
          vaults_standard_mumra_x, nicolae_vaults_surprise_closet, v_rooms_2,
          vaults_room_pool, vaults_room_semicircle,
          vaults_room_grunt_arrival_ludios, ontoclasm_vaults_loading_screen,
          nicolae_vaults_more_shelving_1, layout_vaults_big_room, enter_trove_1,
          serial_shops, nicolae_shop_tiny_statue_garden, uniq_saint_roka
Vaults:4: nicolae_vaults_back_hallway, v_rooms_4, v_rooms_6,
          nicolae_vaults_network_quinsquares
          [nicolae_vaults_network_quincunx_subvault,
          nicolae_vaults_network_quincunx_subvault,
          nicolae_vaults_network_quincunx_subvault,
          nicolae_vaults_network_quincunx_subvault], vaults_room_corners,
          ontoclasm_vaults_ring_small, hangedman_vaults_stitches,
          nicolae_vaults_display_case, nicolae_vaults_shelves_hall,
          nicolae_vaults_network_star, nicolae_vaults_house_1,
          nicolae_vaults_diamond_2, layout_vaults_omnicross
Vaults:5
Depths:1: layout_honeycomb, pf_hell_entry_tar_spiral,
          chequers_serial_rivers_small_3, grunt_pan_entry_zigzag,
          grunt_ministairs_2, feat_on_display, uniq_mara
Depths:2: minmay_haunted_quarter, layout_cave_pools, enter_ziggurat_f,
          nicolae_hell_entry_hellmouth_sunbeams, serial_shops, shop_statue,
          rand_demon_pan_entry_1, minmay_misc_feat_chi,
          infiniplex_staircase_spiral, serial_bayou_shore_b
Depths:3: kennysheep_large_spiral, layout_twisted_cross, hell_entry,
          abyss_entry, nicolae_figureground_sparkle
Depths:4: grunt_zot_entry_bicorn, layout_honeycomb, okawaru_trees_1, hell_entry,
          pan_entry, minmay_st_funbox
Zot:1:    lemuel_acid_trip, layout_onion, zot_minivault_3

Skill      XL: |  1  2  3  4  5  6  7  8  9 10 11 12 13 14 15 16 17 18 19 20 21 22 23 24 25 |
---------------+----------------------------------------------------------------------------+-----
Dodging        | 3 4 5 |  5.0
Axes           | 3 4 5 6 7 9 |  9.0
Fighting       | 5 6 7 8 9 11 12 13 14 15 17 18 19 20 21 22 23 24 | 24.7
Shields        | 4 5 6 7 8 9 10 11 12 13 14 15 16 17 18 | 18.0
Throwing       | 1 3 4 6 8 10 11 13 15 16 17 18 19 20 21 22 23 24 25 26 | 26.2
Shapeshifting  | 1 3 4 6 7 |  7.0
Invocations    | 2 4 6 7 8 9 10 | 10.0
Armour         | 1 3 4 5 6 7 8 9 10 11 12 13 14 15 | 15.3
Stealth        | 1 3 4 7 9 10 11 12 | 12.0
Evocations     | 6 8 |  8.2

Action                     |  1- 3 |  4- 6 |  7- 9 | 10-12 | 13-15 | 16-18 | 19-21 | 22-24 | 25-27 || total
---------------------------+-------+-------+-------+-------+-------+-------+-------+-------+-------++-------
  Melee: War axe           |   112 |   162 |   218 |   300 |    48 |   303 |   274 |   517 |    73 ||  2007
         Broad axe         |       |       |       |    33 |   156 |       |       |       |       ||   189
  Throw: Dart              |       |    14 |    53 |     6 |       |     3 |    40 |    37 |       ||   153
         Javelin           |       |     3 |    17 |    23 |    77 |    86 |   115 |    98 |    15 ||   434
         Large rock        |       |       |       |    22 |   117 |   265 |   459 |   442 |   136 ||  1441
         Boomerang         |       |       |       |       |   267 |   295 |   261 |   150 |       ||   973
         Throwing net      |       |       |       |       |       |       |     1 |     2 |       ||     3
 Invoke: Heroism           |       |       |     2 |     2 |     2 |     7 |     6 |     7 |     2 ||    28
         Receive Weapon    |       |       |       |     1 |       |       |       |       |       ||     1
         Receive Armour    |       |       |       |     1 |       |       |       |       |       ||     1
         Finesse           |       |       |       |       |       |     5 |     3 |     3 |       ||    11
  Evoke: Wand              |       |       |       |       |     1 |     5 |     4 |     1 |       ||    11
         Tin of tremorston |       |       |       |       |       |       |     2 |       |       ||     2
    Use: Scroll            |       |     4 |    10 |    10 |    14 |    12 |     7 |    10 |     3 ||    70
         Potion            |       |       |     4 |       |       |     3 |       |     2 |     1 ||    10
   Stab: Sleeping          |       |     2 |     1 |       |       |       |       |       |       ||     3
         Distracted        |       |       |       |       |       |       |       |     1 |       ||     1
         Invisible         |       |       |       |       |       |       |       |     1 |       ||     1
 Armour: Robe              |    65 |    96 |   112 |       |       |       |       |       |       ||   273
         Gold dragon scale |       |       |    33 |   364 |   325 |   750 |   537 |   642 |   154 ||  2805
  Dodge: Dodged            |    36 |    68 |    74 |    38 |    50 |   113 |   101 |   120 |    20 ||   620
  Block: Kite shield       |    42 |    79 |   141 |   206 |   152 |   431 |   526 |   347 |       ||  1924
         Reflection        |       |       |       |       |       |    30 |    75 |    43 |     3 ||   151
         Tower shield      |       |       |       |       |       |       |       |   274 |   138 ||   412
   Form: Beast             |       |       |     1 |       |       |       |       |       |       ||     1
                           |       |       |       |       |       |       |     1 |       |       ||     1

Table legend: (Time is in decaauts)
 A = Elapsed time spent in this place.
 B = Non-inter-level travel time spent in this place.
 C = Inter-level travel time spent in this place.
 D = Time resting spent in this place.
 E = Time spent auto-exploring this place.
 F = Levels seen in this place.
 G = Mean time per level.
                   A        B        C        D        E       F      G
               +--------+--------+--------+--------+--------+-----+--------+
         Total |  56537 |  52372 |   4165 |   4393 |  37957 |  49 | 1153.8 |
       Dungeon |  15522 |  13833 |   1689 |    337 |  10904 |  15 | 1034.8 |
        Temple |     30 |      4 |     26 |      0 |      0 |   1 |   30.0 |
          Lair |   5046 |   4487 |    559 |      4 |   3748 |   5 | 1009.2 |
        Shoals |   3783 |   3603 |    180 |    160 |   2620 |   4 |  945.8 |
   Spider Nest |   4699 |   4336 |    363 |    101 |   3403 |   4 | 1174.8 |
  Orcish Mines |   1961 |   1580 |    381 |      0 |   1239 |   2 |  980.5 |
   Elven Halls |   5984 |   5772 |    212 |    819 |   3817 |   3 | 1994.7 |
        Vaults |  10313 |   9723 |    590 |   2115 |   6100 |   5 | 2062.6 |
        Depths |   5928 |   5767 |    161 |    471 |   4396 |   4 | 1482.0 |
           Zot |     38 |     38 |      0 |      0 |      0 |   1 |   38.0 |
        Bazaar |    199 |    199 |      0 |      0 |    185 |   1 |  199.0 |
         Sewer |    419 |    419 |      0 |      0 |    268 |   1 |  419.0 |
        Bailey |    712 |    712 |      0 |      0 |    438 |   1 |  712.0 |
    Desolation |   1304 |   1304 |      0 |    347 |    614 |   1 | 1304.0 |
      Gauntlet |    593 |    593 |      0 |     38 |    225 |   1 |  593.0 |
               +--------+--------+--------+--------+--------+-----+--------+

Top non-repeatable levels by time:
Vaults:4: 4289 daAuts
   Elf:3: 2434 daAuts
Vaults:5: 1867 daAuts
Depths:1: 1844 daAuts
   Elf:1: 1800 daAuts
   Elf:2: 1749 daAuts
     D:4: 1508 daAuts
Depths:4: 1478 daAuts
Vaults:3: 1469 daAuts
Vaults:1: 1429 daAuts
Depths:3: 1403 daAuts
Spider:2: 1366 daAuts
     D:8: 1323 daAuts
Desolation: 1304 daAuts
Vaults:2: 1257 daAuts
